 Dungeon Crawl Stone Soup version 0.19-b1-4-gd8a0a2a (webtiles) character file.

13713 tv1990 the Victor of a Thousand Battles (level 12, -1/96 HPs)
             Began as a Formicid Monk on Oct 30, 2016.
             Was the Champion of Okawaru.
             Slain by a hill giant
             ... wielding a +0 giant club
              (23 damage)
             ... on level 10 of the Dungeon.
             The game lasted 00:42:51 (11835 turns).

tv1990 the Victor of a Thousand Battles (FoMo)     Turns: 11835, Time: 00:42:52

Health: -1/96      AC: 22    Str: 17    XL:     12   Next: 36%
Magic:  19/20      EV: 10    Int: 12    God:    Okawaru [******]
Gold:   165        SH:  6    Dex: 17    Spells: 1 memorised, 9 levels left

rFire  . . .     SeeInvis +     F - +3 battleaxe
rCold  + . .     Gourm    .     x - +0 plate armour
rNeg   . . .     Faith    .     d - +0 buckler
rPois  .         Spirit   .     (helmet unavailable)
rElec  .         Reflect  .     o - +0 cloak
rCorr  +         Harm     .     k - +2 pair of gloves
MR     ++...                    i - +0 pair of boots
Stlth  ..........               (no amulet)
                                A - ring of resist corrosion
                                w - ring of protection from cold

@: heroism
A: permanent stasis, dig shafts and tunnels, four strong arms, antennae 3,
clever 1, magic resistance 1
a: Dig, Shaft Self, Heroism, Finesse, Renounce Religion


You were on level 10 of the Dungeon.
You worshipped Okawaru.
Okawaru was exalted by your worship.
You were not hungry.

You visited 2 branches of the dungeon, and saw 11 of its levels.

You collected 589 gold pieces.
You spent 424 gold pieces at shops.

Inventory:

Hand Weapons
 t - a +1 whip of venom
 F - a +3 battleaxe (weapon)
 J - a +3 whip
Armour
 d - a +0 buckler (worn)
 i - a +0 pair of boots (worn)
 k - a +2 pair of gloves (worn)
 o - a +0 cloak (worn)
 x - a +0 plate armour (worn)
Jewellery
 w - a ring of protection from cold (left hand)
 A - a ring of resist corrosion (right hand)
Wands
 H - a wand of heal wounds (6/9)
Scrolls
 e - 2 scrolls of magic mapping
 h - a scroll of immolation
 l - 4 scrolls of remove curse
 r - 3 scrolls of fear
 v - a scroll of recharging
 y - 2 scrolls of fog
Potions
 q - a potion of curing
 z - a potion of ambrosia
 B - a potion of resistance
 D - a potion of might
 K - 2 potions of magic
 L - a potion of cancellation
Books
 a - a book of Maledictions

   Spells                             Type                      Level
   a - Corona                         Hexes                        1
   b - Ensorcelled Hibernation        Hexes/Ice                    2
   c - Confuse                        Hexes                        3
   d - Tukima's Dance                 Hexes                        3
   e - Dazzling Spray                 Conjuration/Hexes            3
Miscellaneous
 I - a phantom mirror
Comestibles
 c - 9 bread rations
 E - 8 beef jerkies
 M - a meat ration


   Skills:
 + Level 9.6(14.6) Fighting
 * Level 11.7(16.7) Axes
 + Level 8.5(13.5) Armour
 - Level 2.6(7.6) Dodging
 - Level 2.4(7.4) Stealth
 - Level 2.4(7.4) Shields
 - Level 11.9 Invocations


You had 9 spell levels left.
You knew the following spells:

 Your Spells              Type           Power        Failure   Level  Hunger
a - Repel Missiles        Chrm/Air       #.....       100%        2    ###....


Dungeon Overview and Level Annotations

Branches:
Dungeon (10/15)            Temple (1/1) D:4            Lair (0/6) D:10
    Orc (0/2) D:9

Altars:
Ashenzari
Cheibriados
Dithmenos
Elyvilon
Fedhas
Gozag
Hepliaklqana
Kikubaaqudgha
Makhleb
Nemelex Xobeh
Okawaru
Qazlal
Ru
Sif Muna
Trog
Uskayaw
Vehumet
Xom
Yredelemnul
Zin
The Shining One

Shops:
D:4 *   D:9 ((([(

Annotations:
D:7 Prince Ribbit


Innate Abilities, Weirdness & Mutations

You are under a permanent stasis effect.
You can dig through walls and to a lower floor.
Your four strong arms can wield two-handed weapons with a shield.
You have a pair of large antennae on your head. (SInv)
Your mind is acute. (Int +2)
You are resistant to hostile enchantments. (MR+)


Message History

The hill giant is lightly wounded.
The hill giant hits you with a giant club!
* * * LOW HITPOINT WARNING * * *
You slash the hill giant!
The hill giant is moderately wounded.
The hill giant barely misses you.
You completely miss the hill giant.
The hill giant is moderately wounded.
You feel better.
The hill giant hits you with a giant club!
* * * LOW HITPOINT WARNING * * *
You slash the hill giant!
The hill giant is heavily wounded.
You block the hill giant's attack.
You slash the hill giant!
The hill giant is severely wounded.
You barely miss the hill giant.
The hill giant is severely wounded.
The hill giant hits you with a giant club!!
You die...

#....##### ....##
#........ ......
.......##########
......#........#
#.....#........#
#.....#........'
#.....#........#
###..(..####'#####
#@#...............
##C###............
### #............
#..#'######..
#..#......#..
#..#......#..
#.##......#..
#.#.......#..
#.#......##..


You could see a hill giant.

Vanquished Creatures
  Gastronok (D:9)
  An orc high priest (D:9)
  2 hill giants
  Joseph (D:7)
  A gargoyle (D:8)
  A kobold demonologist (D:8)
  A two-headed ogre (D:10)
  6 trolls
  2 hippogriffs (D:8)
  A yak (D:8)
  4 fire bats (D:8)
  3 wyverns
  A hungry ghost (D:5)
  Edmund (D:5)
  A hell hound (D:8)
  2 ice beasts
  4 orc warriors
  4 sky beasts
  A hornet zombie (D:10)
  7 ogres
  3 wolves (D:10)
  4 phantoms
  7 centaurs
  3 big kobolds
  10 bullfrogs
  A gnoll sergeant (D:8)
  2 wyvern zombies
  2 scorpions
  7 wights
  3 killer bees (D:9)
  2 electric eels (D:10)
  2 lava snakes (D:8)
  3 crimson imps
  4 hounds
  6 jellies
  9 orc priests
  3 centaur skeletons
  15 orc wizards
  Jessica (D:2)
  An iguana (D:9)
  11 worker ants
  2 hound zombies
  3 hound skeletons
  A worker ant zombie (D:6)
  4 gnolls (D:8)
  11 adders
  2 shadow imps
  3 oozes
  3 adder skeletons
  2 worms
  5 leopard geckos
  33 orcs
  7 giant cockroaches
  6 goblins
  10 hobgoblins
  17 jackals
  8 quokkas
  5 ball pythons
  5 bats
  7 frilled lizards
  A jackal zombie (D:7)
  13 kobolds
  A leopard gecko zombie (D:6)
  A quokka zombie (D:8)
  6 rats
300 creatures vanquished.

Notes
Turn   | Place    | Note
-------+----------+-------------------------------------------
     0 | D:1      | tv1990 the Formicid Monk began the quest for the Orb.
     0 | D:1      | Reached XP level 1. HP: 18/18 MP: 1/1
    86 | D:1      | Reached XP level 2. HP: 20/24 MP: 2/2
   302 | D:1      | Found a glowing golden altar of the Shining One.
   356 | D:1      | Reached skill level 1 in Armour
   463 | D:1      | Reached XP level 3. HP: 29/29 MP: 3/3
   769 | D:2      | Reached XP level 4. HP: 34/37 MP: 4/4
  1100 | D:2      | Noticed Jessica
  1113 | D:2      | Killed Jessica
  1113 | D:2      | Reached XP level 5. HP: 42/42 MP: 5/5
  1648 | D:3      | Noticed a sky beast
  1669 | D:3      | Killed a sky beast
  1669 | D:3      | Reached skill level 5 in Axes
  1669 | D:3      | Reached XP level 6. HP: 23/49 MP: 6/6
  1688 | D:3      | Gained mutation: Your mind is acute. (Int +2) [mutagenic meat]
  1689 | D:3      | Gained mutation: You are resistant to hostile enchantments. (MR+) [mutagenic meat]
  2279 | D:4      | Found Kuadyimy's Assorted Antiques.
  2282 | D:4      | Bought an emerald potion for 15 gold pieces
  2282 | D:4      | Bought a bubbling blue potion for 15 gold pieces
  2282 | D:4      | Bought a scroll labeled MOMIKHLIETO for 17 gold pieces
  2282 | D:4      | Bought a fuming amethyst potion for 15 gold pieces
  2282 | D:4      | Bought a scroll labeled ACISAMYKAD for 17 gold pieces
  2282 | D:4      | Bought a scroll labeled MOMIKHLIETO for 17 gold pieces
  2282 | D:4      | Bought a scroll labeled ACISAMYKAD for 17 gold pieces
  2282 | D:4      | Bought a scroll labeled ACISAMYKAD for 17 gold pieces
  2343 | D:4      | Reached XP level 7. HP: 55/55 MP: 7/7
  2440 | D:4      | Reached skill level 5 in Fighting
  2938 | D:4      | Found a staircase to the Ecumenical Temple.
  2942 | Temple   | Entered the Ecumenical Temple
  2983 | Temple   | Became a worshipper of Warmaster Okawaru
  2983 | Temple   | Reached * piety under Okawaru
  2983 | Temple   | Reached ** piety under Okawaru
  3144 | D:4      | Reached XP level 8. HP: 41/63 MP: 5/8
  3182 | D:4      | Reached skill level 1 in Shields
  3512 | D:4      | Reached skill level 1 in Invocations
  3704 | D:5      | Entered Level 5 of the Dungeon
  3874 | D:5      | Found a shattered altar of Ashenzari.
  3956 | D:5      | Noticed Edmund
  3974 | D:5      | Killed Edmund
  3974 | D:5      | Reached skill level 5 in Invocations
  4423 | D:5      | Reached XP level 9. HP: 67/68 MP: 12/14
  4470 | D:6      | Reached *** piety under Okawaru
  4528 | D:6      | Found a sacrificial altar of Ru.
  5024 | D:6      | Reached skill level 10 in Invocations
  5030 | D:6      | HP: 3/68 [ogre/giant spiked club (16)]
  5381 | D:6      | You fall through a shaft!
  5686 | D:7      | Noticed Joseph
  5704 | D:7      | Killed Joseph
  5704 | D:7      | Reached **** piety under Okawaru
  5704 | D:7      | Reached XP level 10. HP: 74/74 MP: 18/18
  5924 | D:7      | Noticed Prince Ribbit
  6603 | D:8      | Reached skill level 5 in Armour
  7936 | D:8      | Reached ***** piety under Okawaru
  8013 | D:8      | Reached XP level 11. HP: 78/84 MP: 19/19
  8941 | D:9      | Found Ynerhyaq's Weapon Shop.
  8941 | D:9      | Noticed a hill giant
  8961 | D:9      | Killed a hill giant
  9328 | D:9      | Found Noyrr's Antique Weapon Boutique.
  9345 | D:9      | Noticed an orc high priest
  9356 | D:9      | Killed an orc high priest
  9356 | D:9      | Reached skill level 10 in Axes
  9413 | D:9      | Noticed Gastronok
  9452 | D:9      | Killed Gastronok
  9717 | D:9      | Found a staircase to the Orcish Mines.
  9718 | D:9      | Found Odoleph's Antique Weapon Emporium.
 10073 | D:9      | Found Ciddyryz's Antique Armour Emporium.
 10292 | D:9      | Found Uteekil's Antique Weapon Emporium.
 10297 | D:9      | Bought an ancient buckler for 294 gold pieces
 10307 | D:9      | Identified the -2 buckler "Maodwoir" {+Blink Int-3 Dex+7} (You bought it in a shop on level 9 of the Dungeon)
 10442 | D:9      | Learned a level 2 spell: Repel Missiles
 10680 | D:9      | Reached XP level 12. HP: 92/94 MP: 17/20
 10694 | D:10     | Entered Level 10 of the Dungeon
 10787 | D:10     | Reached ****** piety under Okawaru
 11167 | D:10     | Identified a scroll of acquirement
 11350 | D:10     | Found a staircase to the Lair.
 11835 | D:10     | Slain by a hill giant

Skill      XL: |  1  2  3  4  5  6  7  8  9 10 11 12 |
---------------+-------------------------------------+-----
Armour         | 1 2 3 4 6 7 8 |  8.5
Axes           | 4 5 6 8 11 | 11.7
Fighting       | 4 5 7 8 9 |  9.6
Shields        | 2 |  2.4
Invocations    | 6 11 | 11.9
Dodging        | |  2.6
Stealth        | |  2.4

Action                   |  1- 3 |  4- 6 |  7- 9 | 10-12 || total
-------------------------+-------+-------+-------+-------++-------
Melee: Hand axe          |   110 |   231 |    50 |       ||   391
       War axe           |       |       |   343 |   129 ||   472
       Battleaxe         |       |       |       |   570 ||   570
Invok: Heroism           |       |       |     3 |    17 ||    20
       Finesse           |       |       |       |     4 ||     4
 Abil: Dig               |     1 |     2 |     7 |    17 ||    27
Evoke: Wand              |       |       |       |     8 ||     8
  Use: Potion            |       |     1 |     6 |     6 ||    13
       Scroll            |       |       |    15 |    13 ||    28
 Stab: Sleeping          |     5 |     2 |       |       ||     7
  Eat: Chunk             |       |     8 |     9 |    14 ||    31
       Meat ration       |       |       |     1 |     2 ||     3
       Pizza             |       |       |     1 |       ||     1
       Beef jerky        |       |       |       |     1 ||     1
Armor: Robe              |    14 |       |       |       ||    14
       Ring mail         |    33 |    47 |       |       ||    80
       Chain mail        |       |    68 |   225 |   154 ||   447
       Skin              |       |     2 |    14 |       ||    16
       Plate armour      |       |       |       |   232 ||   232
Dodge: Dodged            |    99 |   103 |   156 |   249 ||   607
Block: Buckler           |       |       |    58 |   155 ||   213

Table legend:
 A = Turns spent in this place as a percentage of turns spent in the entire game.
 B = Non-inter-level travel turns spent in this place as a percentage of non-inter-level travel turns spent in the entire game.
 C = Inter-level travel turns spent in this place as a percentage of turns spent in this place.
 D = Turns resting spent in this place as a percentage of non-inter-level travel turns spent in this place.
 E = Turns spent auto-exploring this place as a percentage of non-inter-level travel turns spent in this place.
 F = Non-inter-level travel turns spent in this place divided by the number of levels of this place that you've seen.
                   A       B       C       D       E      F
               +-------+-------+-------+-------+-------+----------------------
         Total | 100.0 | 100.0 |   0.3 |   4.1 |  12.6 | 315.3
       Dungeon |  98.5 |  98.5 |   0.3 |   4.1 |  12.7 | 341.6
        Temple |   1.5 |   1.5 |   0.0 |   0.0 |   5.8 |  52.0
               +-------+-------+-------+-------+-------+----------------------

Table legend:
 A = Kills in this place as a percentage of kills in entire the game.
 B = Kills by you in this place as a percentage of kills by you in the entire game.
 C = Kills by friends in this place as a percentage of kills by friends in the entire game.
 D = Other kills in this place as a percentage of other kills in the entire game.
 E = Experience gained in this place as a percentage of experience gained in the entire game.
 F = Experience gained in this place divided by the number of levels of this place that you have seen.
                   A       B       C       D       E      F
               +-------+-------+-------+-------+-------+----------------------
         Total | 100.0 | 100.0 |  -nan |  -nan | 100.0 | 1780.9
       Dungeon | 100.0 | 100.0 |  -nan |  -nan | 100.0 | 1959.0
               +-------+-------+-------+-------+-------+----------------------

Vault maps used:
D:1:      lightli_arrival_statue_moat, serial_glass, glass_columns_b,
          glass_columns_a, due_unseen_surprise, tso_altar
D:2:      serial_bayou_ford_a, uniq_jessica
D:3:      first_bread
D:4:      serial_shops, nicolae_shop_behind_doors, minmay_ruptured
D:5:      grunt_decor_resistance, minmay_misc_feat_square, ashenzari_altar_1,
          uniq_edmund
D:6:      basic_altar
D:7:      grunt_ogre_cave, grunt_ministairs_10, amethyst_killhole, uniq_joseph,
          uniq_prince_ribbit1
D:8:      hangedman_incinerator
D:9:      orc_0_dummy, serial_shops, shop, nicolae_shop_overgrown_old_shop,
          nicolae_shop_crystal, nicolae_shop_temple_entry_statues_fountains,
          shop_fountains, serial_aquarium, aquarium_bridge_square,
          aquarium_bridge_long_joined, aquarium_window_1, aquarium_window_fake,
          aquarium_window_corner, aquarium_view_2d, aquarium_view_2c,
          aquarium_balcony_1b, aquarium_pool_corner, uniq_gastronok
D:10:     erik_lair_island
Temple:   kilobyte_greek_temple
